 Dungeon Crawl Stone Soup version 0.29-a0-495-g17b79114eb (webtiles) character file.

Game seed: 3038743152806643093

4653 croobank the Covert (level 10, -1/69 HPs)
             Began as an Octopode Delver on May 27, 2022.
             Was an Initiate of Gozag.
             Slain by a yak (13 damage)
             ... on level 1 of the Lair of Beasts on May 28, 2022.
             The game lasted 00:39:03 (7327 turns).

croobank the Covert (Octopode Delver)               Turns: 7327, Time: 00:39:04

Health: -1/69      AC:  1    Str: 12    XL:     10   Next: 43%
Magic:  11/16      EV: 16    Int: 16    God:    Gozag
Gold:   455        SH:  0    Dex: 14    Spells: 10/17 levels left

rFire   . . .      SeeInvis .   a - +6 hand axe (spect)
rCold   + . .      Faith    .   (no shield)
rNeg    . . .      Spirit   .   (helmet restricted)
rPois   .          Reflect  .   l - amulet of regeneration
rElec   .          Harm     .   g - ring of flight
rCorr   .          Rampage  .   K - ring of protection from cold
Will    .....                   (no ring)
Stlth   ++++++....              (no ring)
HPRegen 1.01/turn               (no ring)
MPRegen 0.15/turn               (no ring)
                                (no ring)
                                (no ring)

@: gold aura, flying, hasted, very quick
A: almost no armour, amphibious, 8 rings, camouflage 1, gelatinous body 1,
(nimble swimmer 1), tentacles
a: Renounce Religion, Potion Petition, Call Merchant, Bribe Branch


You were on level 1 of the Lair of Beasts.
You worshipped Gozag.
Gozag was aware of your devotion.
You visited 3 branches of the dungeon, and saw 11 of its levels.

You collected 797 gold pieces.
You spent 220 gold pieces at shops.
You paid 122 gold pieces to Gozag.

Inventory:

Hand Weapons
 a - a +6 spectral hand axe (weapon)
 b - a +0 hunting sling
 c - a +0 war axe
 i - a +0 morningstar
 x - a +0 trident
 F - a +4 scimitar
 L - a +5 halberd
 N - a +1 trident
 O - a +2 dagger of draining
Missiles
 e - 2 curare-tipped darts
 j - 272 stones
 n - 5 poisoned darts
 E - 2 boomerangs
 I - a boomerang of dispersal
Armour
 h - a +1 kite shield
Magical Staves
 y - a staff of death
Jewellery
 g - a ring of flight (left tentacle)
 l - an amulet of regeneration (around mantle)
 J - an amulet of guardian spirit
 K - a ring of protection from cold (right tentacle)
 R - a +4 ring of protection
Wands
 f - a wand of digging (12)
 t - a wand of flame (11) (quivered)
 u - a wand of charming (5)
 Q - a wand of acid (5)
Scrolls
 k - 4 scrolls of magic mapping
 q - a scroll of identify
 v - 3 scrolls of fog
 C - 3 scrolls of poison
 G - a scroll of teleportation
 M - 2 scrolls of amnesia
 P - a scroll of blinking
Potions
 d - a potion of attraction
 m - 3 potions of mutation
 o - 2 potions of brilliance
 p - 2 potions of ambrosia
 r - a potion of invisibility
 s - 3 potions of might
 w - a potion of cancellation {unknown}
 z - 2 potions of flight {unknown}
 D - a potion of magic
 H - a potion of curing


   Skills:
 - Level 6.9 Fighting
 - Level 6.4 Axes
 - Level 6.8 Dodging
 + Level 12.0 Stealth
 * Level 4.2 Spellcasting
 * Level 4.6 Conjurations
 + Level 2.5 Hexes


You had 10 spell levels left.
You knew the following spells:

 Your Spells              Type           Power      Damage    Failure   Level
a - Frozen Ramparts       Ice            6%         1d2       45%         3
b - Freeze                Ice            12%        1d4       17%         1
c - Tukima's Dance        Hex            11%        N/A       19%         3

Your spell library contained the following spells:

 Spells                   Type           Power      Damage    Failure   Level
 Dazzling Flash           Conj/Hex       28%        N/A       12%         3
 Hailstorm                Conj/Ice       10%        3d5       54%         4
 Iskenderun's Mystic Bla  Conj/Tloc      10%        2d4       54%         4
 Leda's Liquefaction      Hex/Erth       3%         N/A       69%         4
 Passage of Golubria      Tloc           3%         N/A       86%         4
 Petrify                  Tmut/Erth      3%         N/A       86%         4
 Metabolic Englaciation   Hex/Ice        3%         N/A       95%         5
 Yara's Violent Unravell  Hex/Tmut       3%         3d4       95%         5
 Lee's Rapid Deconstruct  Erth           1%         3d5*      99%         5
 Starburst                Conj/Fire      5%         6d4       100%        6
 Statue Form              Tmut/Erth      2%         N/A       100%        6


Dungeon Overview and Level Annotations

Branches:
Dungeon (9/15)             Temple (1/1) D:7            Lair (1/6) D:8
    Orc: D:9-12

Altars:
Cheibriados
Dithmenos
Elyvilon
Fedhas
Gozag
Hepliaklqana
Kikubaaqudgha
Makhleb
Nemelex Xobeh
Okawaru
Qazlal
Ru
Sif Muna
Trog
Uskayaw
Vehumet
Wu Jian
Xom
Yredelemnul
Zin
The Shining One

Shops:
D:8 !

Annotations:
D:6 1 runed translucent door, Dvallin's ghost, novice KoFi


Innate Abilities, Weirdness & Mutations

You cannot wear most types of armour.
You are amphibious.
You can wear up to eight rings at the same time.
Your skin changes colour to match your surroundings (Stealth+).
Your rubbery body absorbs attacks. (AC +1, EV +1)
((You are camouflaged when in or above water. (Stealth+)))
You have tentacles for arms and can constrict up to eight enemies at once.


Message History

You barely miss the yak.
The hell rat roars deafeningly!
You squeeze the yak.
The yak is almost dead.
You barely miss the bullfrog.
Your +6 spectral hand axe hits the bullfrog.
You hear a loud, deep croak!
You hear a croak.
The hell rat is distracted by your dazzling golden aura.
The bullfrog closely misses you.
The hell rat roars deafeningly!
You slash the bullfrog! You grab the bullfrog.
The bullfrog is severely wounded.
You hit the yak but do no damage. You slash the yak!
You constrict the bullfrog. The bullfrog barely misses you.
The blink frog is distracted by your dazzling golden aura.
The bullfrog misses you. The yak gores you! The yak closely misses you.
Unknown command.
The blink frog gives a loud, deep croak!
You slash the bullfrog!
You kill the bullfrog!
You slash the yak! You hit the yak. x2
Your +6 spectral hand axe hits the yak!
You hear a croak.
The yak gores you!
* * * LOW HITPOINT WARNING * * *
The water moccasin closely misses you. The yak closely misses you.
The yak gores you.
* * * LOW HITPOINT WARNING * * *
Okay, then.
Casting: Frozen Ramparts (dangerous; 45% risk of failure)
Confirm with . or Enter, or press ? or * to list all spells.
Casting: Frozen Ramparts (dangerous; 45% risk of failure)
Press: ? - help, Dir - look around, f - activate
Okay, then.
Okay, then.
You feel yourself speed up. The water moccasin misses you.
The yak closely misses you. The yak gores you but does no damage.
The yak gores you!
You die...
Your body crumbles into a pile of gold.

#### #.# #............##
.#.#####.#.#####............#
.........).................##
...........................#
...............#...........#
#.#.##.#..#.###............#
##### ##..##.#.............#
.........Y§..........# .
.........S@##..###P### #
......§.YYY##### ### #
.....#.#$.## # #...$.###
#.#..$#.# .....Fr ..# .....⌠.
.## ...#... .# .# .... .#


You could see 4 yaks, a blink frog, a water moccasin and a hell rat.

Vanquished Creatures
  A cane toad (Lair:1)
  Psyche (D:8)
  A troll (D:8)
  A yak (Lair:1)
  A steam dragon (D:8)
  4 water moccasins
  An orc warrior (D:8)
  2 ice beasts (D:6)
  A sky beast (D:7)
  A black bear (D:7)
  2 wolves (D:8)
  A centaur (D:7)
  3 kobold brigands
  4 bullfrogs
  A necrophage (D:5)
  5 scorpions
  4 wights (D:6)
  A killer bee (D:7)
  4 electric eels
  A howler monkey (D:5)
  2 jellies (D:7)
  A gnoll shaman (D:8)
  7 hounds
  An orc priest (D:8)
  Ijyb (D:3)
  4 iguanas (D:5)
  11 orc wizards
  Natasha (thrice) (D:3)
  3 hell rats (Lair:1)
  9 gnolls
  4 adders
  2 shadow imps
  3 white imps
  An ufetubus (D:6)
  A worm (D:2)
  11 dart slugs
  24 orcs
  8 bats
  10 endoplasms
  4 giant cockroaches
  7 goblins
  8 hobgoblins
  2 jackals (D:1)
  4 quokkas
  7 ball pythons
  2 frilled lizards
  20 kobolds
  6 rats
206 creatures vanquished.

Vanquished Creatures (collateral kills)
  A phantom (D:4)
1 creature vanquished.

Vanquished Creatures (others)
  A dart slug (D:6)
  A fungus (Lair:1)
2 creatures vanquished.

Grand Total: 209 creatures vanquished

Notes
Turn   | Place    | Note
-------+----------+-------------------------------------------
     0 | D:5      | croobank the Octopode Delver began the quest for the Orb.
     0 | D:5      | Reached XP level 1. HP: 16/16 MP: 1/1
    46 | D:5      | Noticed an iguana
   373 | D:3      | Noticed Natasha
   375 | D:3      | Noticed an iron imp
   655 | D:1      | Found a faded altar of an unknown god.
   657 | D:1      | Reached XP level 2. HP: 21/21 MP: 2/2
   760 | D:1      | Reached XP level 3. HP: 22/26 MP: 3/3
   852 | D:1      | Reached skill level 7 in Stealth
  1168 | D:2      | You are sucked into a shaft and drop 1 floor!
  1181 | D:3      | Reached XP level 4. HP: 31/31 MP: 4/4
  1353 | D:2      | Found a sacrificial altar of Ru.
  1747 | D:2      | Learned a level 3 spell: Frozen Ramparts
  1837 | D:3      | Noticed Ijyb
  1909 | D:4      | Noticed a phantom
  1909 | D:4      | Noticed a scorpion
  1923 | D:4      | Killed a phantom
  1924 | D:4      | Reached XP level 5. HP: 27/37 MP: 5/5
  2183 | D:3      | Learned a level 1 spell: Freeze
  2314 | D:3      | Killed Ijyb
  2315 | D:3      | Reached XP level 6. HP: 30/43 MP: 4/6
  2590 | D:3      | Killed Natasha
  2612 | D:3      | Noticed Natasha
  2621 | D:3      | Killed Natasha
  2694 | D:3      | Noticed Natasha
  2710 | D:3      | Killed Natasha
  2711 | D:3      | Reached skill level 8 in Stealth
  3094 | D:4      | Reached XP level 7. HP: 25/49 MP: 7/7
  3698 | D:5      | Reached skill level 5 in Fighting
  3892 | D:5      | Found an iron altar of Okawaru.
  3892 | D:5      | Found an ornate altar of the Wu Jian Council.
  4029 | D:5      | Reached skill level 9 in Stealth
  4199 | D:6      | Reached XP level 8. HP: 26/55 MP: 8/8
  4494 | D:6      | Learned a level 3 spell: Tukima's Dance
  4504 | D:6      | Reached skill level 5 in Axes
  4504 | D:6      | Reached skill level 5 in Dodging
  4907 | D:6      | Reached skill level 10 in Stealth
  5106 | D:6      | Found a runed translucent door.
  5106 | D:6      | Noticed Dvallin's ghost (novice KoFi)
  5106 | D:6      | Noticed a komodo dragon
  5371 | D:6      | Reached XP level 9. HP: 60/63 MP: 9/9
  5752 | D:7      | Found a staircase to the Ecumenical Temple.
  5821 | Temple   | Entered the Ecumenical Temple
  5862 | Temple   | Became a worshipper of Gozag Ym Sagoz the Greedy
  5974 | D:7      | Identified the +0 ring mail "Puir Rez" {Str+4}
  6091 | D:7      | Reached skill level 11 in Stealth
  6172 | D:8      | Found Odoticy's Distillery.
  6175 | D:8      | Bought a potion of might for 44 gold pieces
  6175 | D:8      | Bought a potion of invisibility for 88 gold pieces
  6175 | D:8      | Bought a potion of magic for 88 gold pieces
  6205 | D:8      | Noticed Psyche
  6232 | D:8      | Reached skill level 1 in Spellcasting
  6232 | D:8      | Reached skill level 1 in Conjurations
  6780 | D:7      | Reached XP level 10. HP: 62/69 MP: 12/14
  6814 | D:8      | Found a staircase to the Lair.
  6842 | D:8      | Killed Psyche
  6843 | D:8      | Reached skill level 1 in Hexes
  6880 | Lair:1   | Entered Level 1 of the Lair of Beasts
  6900 | Lair:1   | Noticed a cane toad
  6905 | Lair:1   | Killed a cane toad
  7110 | D:9      | Noticed a two-headed ogre
  7323 | Lair:1   | Reached skill level 12 in Stealth
  7327 | Lair:1   | Slain by a yak

Illustrated notes

Levels and vault maps discovered:
D:1:      saegor_arrival_simple_b, layout_basic, ebering_ecumenical_altar_box
D:2:      layout_basic, basic_altar
D:3:      layout_basic, uniq_ijyb, uniq_natasha
D:4:      layout_loops_ring, small_statue_intersection, kennysheep_potato
D:5:      minmay_skewed_foursquare, layout_basic,
          gammafunk_temple_overflow_wave, grunt_decor_resistance
D:6:      kennysheep_slugbush, layout_basic, ebering_ghost_inner_flame
D:7:      layout_rooms, minmay_temple_entry_butterflies, st_stairs_10
D:8:      layout_gridville, erik_lair_island, serial_shops,
          kennysheep_mini_moat, kennysheep_generic_room_5, uniq_psyche
D:9:      layout_irregular_city
Temple:   mainiacjoe_temple_coin_purse
Lair:1:   layout_gridlike, grunt_megastairs_1

Skill      XL: |  1  2  3  4  5  6  7  8  9 10 |
---------------+-------------------------------+-----
Stealth        | 7 8 9 10 11 12 | 12.0
Fighting       | 4 5 6 |  6.9
Axes           | 3 4 5 6 |  6.4
Dodging        | 3 4 5 6 |  6.8
Spellcasting   | 2 4 |  4.2
Conjurations   | 3 4 |  4.6
Hexes          | 2 |  2.5

Action                   |  1- 3 |  4- 6 |  7- 9 | 10-12 || total
-------------------------+-------+-------+-------+-------++-------
Melee: Hand axe          |    77 |   101 |   193 |    25 ||   396
       Constrict         |    14 |    22 |    60 |     5 ||   101
       Tentacles         |    12 |    24 |    50 |    10 ||    96
       Punch             |     2 |       |     3 |       ||     5
 Cast: Freeze            |       |     5 |       |       ||     5
       Tukima's Dance    |       |       |       |     3 ||     3
       Frozen Ramparts   |       |       |       |     2 ||     2
Evoke: Wand              |     1 |     3 |     5 |       ||     9
  Use: Scroll            |     3 |     9 |    10 |       ||    22
       Potion            |     1 |     3 |     1 |     5 ||    10
 Stab: Sleeping          |    21 |    10 |     9 |     1 ||    41
       Distracted        |       |     2 |     5 |       ||     7
       Invisible         |       |       |       |     1 ||     1
Armor: Skin              |     7 |     4 |     8 |     1 ||    20
Dodge: Dodged            |    42 |    74 |   134 |    37 ||   287

Table legend: (Time is in decaauts)
 A = Elapsed time spent in this place.
 B = Non-inter-level travel time spent in this place.
 C = Inter-level travel time spent in this place.
 D = Time resting spent in this place.
 E = Time spent auto-exploring this place.
 F = Levels seen in this place.
 G = Mean time per level.
                   A        B        C        D        E       F      G
               +--------+--------+--------+--------+--------+-----+--------+
         Total |   7369 |   6967 |    402 |    434 |   4063 |  11 |  669.9 |
       Dungeon |   7114 |   6735 |    379 |    432 |   3913 |   9 |  790.4 |
        Temple |    128 |    114 |     14 |      0 |     94 |   1 |  128.0 |
          Lair |    125 |    116 |      9 |      2 |     56 |   1 |  125.0 |
               +--------+--------+--------+--------+--------+-----+--------+

Top non-repeatable levels by time:
     D:6: 1286 daAuts
     D:4: 1077 daAuts
     D:8: 1029 daAuts
     D:3: 984 daAuts
     D:5: 828 daAuts
     D:2: 781 daAuts
     D:7: 554 daAuts
     D:1: 529 daAuts
  Temple: 128 daAuts
  Lair:1: 125 daAuts
     D:9: 43 daAuts
